 Dungeon Crawl Stone Soup version 0.19.0-24-gb05acd6 (webtiles) character file.

227 SaltIsReal the Chopper (level 6, -2/79 HPs)
             Began as a Human Berserker on Nov 21, 2016.
             Was a Priest of Trog.
             Slain by SaltIsReal's ghost (7 damage)
             ... on level 4 of the Dungeon.
             The game lasted 00:06:07 (3397 turns).

SaltIsReal the Chopper (Human Berserker)            Turns: 3397, Time: 00:06:08

Health: -2/79      AC:  2    Str: 23    XL:     6   Next: 22%
Magic:  6/6        EV: 12    Int:  8    God:    Trog [***...]
Gold:   178        SH:  0    Dex: 13    Spells: 0 memorised, 5 levels left

rFire  . . .     SeeInvis .     a - +0 hand axe
rCold  . . .     Gourm    .     b - +0 animal skin
rNeg   . . .     Faith    .     (no shield)
rPois  .         Spirit   .     (no helmet)
rElec  .         Reflect  .     (no cloak)
rCorr  .         Harm     .     (no gloves)
MR     .....                    (no boots)
Stlth  ..........               (no amulet)
                                (no ring)
                                (no ring)

@: berserking, lethally poisoned (-2 -> -9), very quick
A: robust 1
a: Berserk, Trog's Hand, Burn Spellbooks, Renounce Religion


You were on level 4 of the Dungeon.
You worshipped Trog.
Trog was most pleased with you.
You were very hungry.

You visited 1 branch of the dungeon, and saw 4 of its levels.

You collected 178 gold pieces.

Inventory:

Hand Weapons
 a - a +0 hand axe (weapon)
Armour
 b - a +0 animal skin (worn)
Jewellery
 q - an uncursed ring of protection from fire {unknown}
Wands
 m - a wand of random effects (15/48)
Scrolls
 d - 2 scrolls of identify
 f - 3 scrolls of remove curse
 g - a scroll of fog {unknown}
 i - a scroll of noise {unknown}
 l - a scroll of random uselessness {unknown}
 r - a scroll of magic mapping {unknown}
Potions
 e - 2 potions of curing
 j - a potion of magic {unknown}
 k - a potion of flight {unknown}
 o - 2 potions of mutation {unknown}
Comestibles
 c - 3 bread rations
 h - 2 beef jerkies
 n - a meat ration
 p - 4 fruits


   Skills:
 + Level 4.5 Fighting
 * Level 5.5 Axes
 - Level 2.0 Armour
 - Level 2.0 Dodging


You had 5 spell levels left.
You didn't know any spells.

Dungeon Overview and Level Annotations

Branches:
Dungeon (4/15)
 Temple: D:4-7

Altars:
Makhleb
Nemelex Xobeh
Ru
Xom

Shops:
D:4 :

Annotations:
D:4 SaltIsReal's ghost, amateur MiFi


Innate Abilities, Weirdness & Mutations

You are robust. (+10% HP)


Message History

You are feeling very hungry.
You feel sick. The worker ant misses you. SaltIsReal's ghost hits you!
* * * LOW HITPOINT WARNING * * *
You slash SaltIsReal's ghost!
SaltIsReal's ghost is lightly damaged.
You hit the worker ant.
You feel sick. The worker ant completely misses you.
You barely miss SaltIsReal's ghost.
SaltIsReal's ghost is lightly damaged.
You hit the worker ant. SaltIsReal's ghost hits you.
* * * LOW HITPOINT WARNING * * *
The worker ant bites you!
* * * LOW HITPOINT WARNING * * *
A worker ant comes into view.
The worker ant twitches its antennae in your direction.
You hit SaltIsReal's ghost.
SaltIsReal's ghost is moderately damaged.
You barely miss the worker ant.
* * * LOW HITPOINT WARNING * * *
You feel sick. SaltIsReal's ghost hits you!
You die...

#..##### ##.##
#..# ### #..#
#######..########
#........#.......
#..........#
#..#####.### #.
##.## #.@.#
#.aW..# #.....#
#a.w..# ......#
####.### #.# ...


You could see 2 worker ants, SaltIsReal's ghost and a dart slug.

Vanquished Creatures
  A hound (D:3)
  An orc wizard (D:3)
  Jessica (D:2)
  A howler monkey skeleton (D:4)
  5 adders
  An ooze (D:3)
  2 worms
  2 dart slugs (D:2)
  4 leopard geckos
  4 giant cockroaches
  10 goblins
  8 hobgoblins
  9 bats
  7 frilled lizards
  10 kobolds
  11 rats
77 creatures vanquished.

Notes
Turn   | Place    | Note
-------+----------+-------------------------------------------
     0 | D:1      | SaltIsReal the Human Berserker began the quest for the Orb.
     0 | D:1      | Reached XP level 1. HP: 18/18 MP: 1/1
   193 | D:1      | Reached XP level 2. HP: 21/24 MP: 2/2
   627 | D:1      | Reached XP level 3. HP: 26/29 MP: 3/3
  1107 | D:1      | Reached ** piety under Trog
  1345 | D:2      | Found a shimmering altar of Xom.
  1368 | D:2      | Reached skill level 4 in Axes
  1564 | D:2      | Noticed Jessica
  1573 | D:2      | Reached XP level 4. HP: 37/37 MP: 4/4
  1580 | D:2      | Killed Jessica
  1676 | D:2      | Reached XP level 5. HP: 42/42 MP: 5/5
  1725 | D:2      | Found a sparkling altar of Nemelex Xobeh.
  1962 | D:3      | Gained mutation: You are robust. (+10% HP) [potion of beneficial mutation]
  1990 | D:3      | Found a burning altar of Makhleb.
  2238 | D:3      | Reached skill level 5 in Axes
  2878 | D:3      | Found a sacrificial altar of Ru.
  2887 | D:3      | Reached *** piety under Trog
  2887 | D:3      | Reached XP level 6. HP: 48/53 MP: 6/6
  3324 | D:4      | Found Kuyr Aleshac's Book Shop.
  3378 | D:4      | Noticed SaltIsReal's ghost (amateur MiFi)
  3397 | D:4      | Slain by SaltIsReal's ghost

Skill      XL: |  1  2  3  4  5 |
---------------+----------------+-----
Axes           | 4 5 |  5.5
Fighting       | 4 |  4.5
Armour         | |  2.0
Dodging        | |  2.0

Action                   |  1- 3 |  4- 6 || total
-------------------------+-------+-------++-------
Melee: Hand axe          |   113 |   113 ||   226
Invok: Berserk           |     3 |     5 ||     8
  Use: Scroll            |       |     3 ||     3
       Potion            |       |     1 ||     1
 Stab: Paralysed         |       |     2 ||     2
  Eat: Chunk             |     4 |    10 ||    14
Armor: Animal skin       |    24 |    14 ||    38
Dodge: Dodged            |    74 |    71 ||   145
